 Dungeon Crawl Stone Soup version 0.32-a0-350-g4f4d228785 (webtiles) character file.

Game seed: 5052485118924595665

2364 inmateoo the Cleaver (level 9, -3/72 (77) HPs)
             Began as a Mountain Dwarf Fighter on Feb 17, 2024.
             Was a Follower of Okawaru.
             Slain by a wight
             ... wielding a +0 battleaxe
              (16 damage)
             ... on level 6 of the Dungeon.
             The game lasted 00:04:19 (4692 turns).

inmateoo the Cleaver (Mountain Dwarf Fighter)       Turns: 4692, Time: 00:04:19

HP:   -3/72 (77)    AC:  9    Str: 22    XL:     9   Next: 21%
MP:   11/11         EV: 12    Int: 10    God:    Okawaru [*.....]
Gold: 267           SH:  6    Dex: 18    Spells: 8/8 levels left

rFire   . . .        a - +0 war axe
rCold   . . .        c - +0 buckler
rNeg    . . .        l - +2 ring mail of the Soldier {+Blink Will+ Dex+3}
rPois   .            t - +0 helmet
rElec   .            (no cloak)
rCorr   .            (no gloves)
SInv    .            (no boots)
Will    +....        (no amulet)
Stlth   +            i - +6 ring of dexterity
HPRegen 0.32/turn    (no ring)
MPRegen 0.12/turn

%: no passive effects
@: mighty, drained
A: runic magic, artefact enchanting
a: Renounce Religion, Evoke Blink, Heroism


You were on level 6 of the Dungeon.
You worshipped Okawaru.
Okawaru was aware of your devotion.
You visited 2 branches of the dungeon, and saw 7 of its levels.

You collected 327 gold pieces.
You spent 60 gold pieces at shops.

Inventory:

Hand Weapons
 a - a +0 war axe (weapon)
Armour
 c - a +0 buckler (worn)
 l - the +2 ring mail of the Soldier (worn) {+Blink Will+ Dex+3}
   (You found it on level 2 of the Dungeon)

   Dex+3:     It affects your dexterity (+3).
   Will+:     It increases your willpower.
   +Blink:    It lets you blink.
 t - a +0 helmet (worn)
Jewellery
 i - a +6 ring of dexterity (left hand)
 r - a ring of ice
Scrolls
 b - a scroll of blinking
 e - 2 scrolls of teleportation
 g - a scroll of fear
 h - 2 scrolls of amnesia
 m - a scroll of revelation
 n - 3 scrolls of silence
 p - 2 scrolls of vulnerability
 q - a scroll of noise {unknown}
 v - a scroll of immolation {unknown}
 w - a scroll of fog
Potions
 d - 2 potions of might
 f - 2 potions of curing
 j - a potion of resistance
 k - a potion of heal wounds
 o - a potion of brilliance {unknown}
 s - a potion of degeneration {unknown}
 u - a potion of lignification {unknown}


   Skills:
 + Level 6.3 Fighting
 * Level 8.7 Axes
 + Level 6.4 Armour
 + Level 3.3 Dodging
 + Level 6.2 Shields
 + Level 3.3 Invocations


You had 8 spell levels left.
You didn't know any spells.
Your spell library contained the following spells:

 Spells                   Type           Power      Damage    Failure   Level
 Apportation              Tloc           0%         N/A       45%         1
 Jinxbite                 Hex            0%         N/A       58%         2
 Stone Arrow              Conj/Erth      0%         3d7       83%         3
 Alistair's Intoxication  Alch           0%         N/A       100%        5
 Lehudib's Crystal Spear  Conj/Erth      0%         10d2      100%        8
 Summon Ice Beast         Ice/Summ       Unusable   N/A       N/A         3
 Animate Armour           Summ/Erth      Unusable   N/A       N/A         4
 Summon Horrible Things   Summ           Unusable   N/A       N/A         8

Dungeon Overview and Level Annotations

Branches:
Dungeon (6/15)             Temple (1/1) D:6

Altars:
Ashenzari
Cheibriados
Elyvilon
Fedhas
Hepliaklqana
Kikubaaqudgha
Makhleb
Okawaru
Qazlal
Ru
Sif Muna
Xom
Yredelemnul
Zin
The Shining One

Shops:
D:1 !


Innate Abilities, Weirdness & Mutations

Your spellcasting is much less encumbered by armour.
You can use scrolls of enchantment on lesser artefacts.


Message History

The wight is lightly damaged.
The wight hits you with a +0 short sword.
You hit the wight.
The wight is heavily damaged.
The wight barely misses you.
You hit the wight.
The wight is severely damaged.
You closely miss the wight.
The wight hits you with a +0 short sword.
You slash the wight!
You destroy the wight!
Okawaru accepts your kill.
You closely miss the wight. The wight hits you with a +0 battleaxe!
You feel drained.
You are too injured to fight recklessly!
You are too injured to fight recklessly!
You are too injured to fight recklessly!
You feel very mighty all of a sudden. The orc closely misses you.
The wight hits you with a +0 battleaxe.
You feel drained.
You barely miss the wight. You slash the wight! You slice the orc!!
You kill the orc!
Okawaru accepts your kill. The wight hits you with a +4 falchion.
You feel drained. The wight closely misses you. You block the wight's attack.
The wight hits you with a +4 falchion!
* * * LOW HITPOINT WARNING * * *
You feel drained.
* * * LOW HITPOINT WARNING * * *
You slash the wight!
You destroy the wight!
Okawaru accepts your kill.
You hit the wight. The wight barely misses you.
You slash the wight!
The wight is severely damaged.
The wight closely misses you.
You barely miss the wight.
The wight is severely damaged.
The wight hits you with a +0 battleaxe!
You die...

#.[#######.#
##############..#
##)
.................#
#.
...#...#...#...#..#
##.
#.#...#?#...#.#...#
#.#
#...#...#...#....#
##.#
........†.......#
#...
..#..o#...#...#..#
#...
#!#...#.#@z.#.#...#
#...
.#...#..)#)..#....#
#...
.......)..........#
#...
...#...#...#...#..#
#.#.
#...#$#...#"#...#
#.#.
#...#z..#...#....#
#.##
..................#
...#...#...#...#..#
#(#...#$#...#.#....


You could see a wight.

Vanquished Creatures
  Sigmund (D:6)
  4 black bears
  A sky beast (D:6)
  4 ogres
  2 phantoms
  2 bullfrogs (D:6)
  A gnoll sergeant (D:6)
  5 scorpions
  3 wights (D:6)
  A howler monkey (D:6)
  2 bombardier beetles (D:5)
  2 hounds
  2 orc priests (D:4)
  2 sleepcaps
  An orc wizard (D:3)
  2 iguanas
  12 adders
  An ufetubus (D:6)
  2 dart slugs
  2 ribbon worms (D:2)
  8 orcs
  6 ball pythons
  7 bats
  10 endoplasms
  A giant cockroach (D:3)
  2 goblins (D:2)
  4 hobgoblins
  8 jackals (D:4)
  3 quokkas
  2 frilled lizards
  6 kobolds
  6 rats
115 creatures vanquished.

Notes
Turn   | Place    | Note
-------+----------+-------------------------------------------
     0 | D:1      | inmateoo the Mountain Dwarf Fighter began the quest for the
                  | Orb.
     0 | D:1      | Reached XP level 1. HP: 19/19 MP: 1/1
   295 | D:1      | Reached XP level 2. HP: 26/26 MP: 2/2
   358 | D:1      | Reached skill level 3 in Axes
   681 | D:1      | Found Wareoc's Distillery.
   684 | D:1      | Bought a potion of heal wounds for 60 gold pieces
   975 | D:2      | Identified the +2 ring mail of the Soldier {+Blink Will+
                  | Dex+3}
  1011 | D:2      | Reached XP level 3. HP: 28/31 MP: 3/3
  1195 | D:2      | Reached XP level 4. HP: 31/40 MP: 4/4
  1257 | D:2      | Got the Papyrus of Bolts and Generation
  1839 | D:3      | Found a stormy altar of Qazlal.
  1948 | D:3      | Reached skill level 4 in Axes
  1980 | D:3      | Reached skill level 1 in Dodging
  1980 | D:3      | Reached XP level 5. HP: 42/46 MP: 5/5
  2192 | D:4      | Noticed an ogre
  2198 | D:4      | Killed an ogre
  2321 | D:4      | Reached XP level 6. HP: 43/52 MP: 6/6
  2424 | D:4      | Reached skill level 5 in Axes
  3102 | D:5      | Entered Level 5 of the Dungeon
  3104 | D:5      | Found a broken altar of Ashenzari.
  3126 | D:5      | Reached XP level 7. HP: 10/60 MP: 7/7
  3359 | D:5      | Reached skill level 6 in Axes
  3363 | D:5      | Reached skill level 5 in Armour
  3421 | D:5      | Reached skill level 5 in Fighting
  3444 | D:5      | Reached skill level 5 in Shields
  3687 | D:5      | Found a burning altar of Makhleb.
  3687 | D:5      | Noticed a green death
  4083 | D:6      | Noticed Sigmund
  4094 | D:6      | Killed Sigmund
  4095 | D:6      | Reached skill level 7 in Axes
  4095 | D:6      | Reached XP level 8. HP: 69/69 MP: 8/8
  4143 | D:6      | Found a staircase to the Ecumenical Temple.
  4158 | Temple   | Entered the Ecumenical Temple
  4197 | Temple   | Became a worshipper of Warmaster Okawaru
  4294 | D:6      | Reached skill level 1 in Invocations
  4311 | D:6      | Reached skill level 8 in Axes
  4317 | D:6      | Reached * piety under Okawaru
  4595 | D:6      | Reached XP level 9. HP: 63/75 MP: 9/11
  4692 | D:6      | Slain by a wight

Illustrated notes

Levels and vault maps discovered:
D:1:      dpeg_arrival_connections, layout_basic, serial_shops,
          nicolae_shop_tiny_real_fake_doors, serial_bayou_pond_d, st_stairs_2
D:2:      layout_basic
D:3:      layout_basic, mainiacjoe_overflow_chevrons, minmay_joined_circles
D:4:      layout_loops_cross, kennysheep_generic_room_8
D:5:      layout_rooms, lemuel_round_altar, makhleb_altar_promises_db,
          serial_rivers, chequers_serial_rivers_room_a,
          chequers_serial_rivers_small_3, chequers_serial_rivers_micro_b,
          chequers_serial_rivers_micro_a, chequers_serial_rivers_room_b,
          chequers_serial_rivers_micro_d
D:6:      cheibrodos_fzero, layout_basic, minmay_temple_entry_steel_oval,
          uniq_sigmund
Temple:   minmay_temple_forest_path

Skill      XL: |  1  2  3  4  5  6  7  8  9 |
---------------+----------------------------+-----
Axes           | 3 4 5 7 8 |  8.7
Armour         | 4 5 6 |  6.4
Fighting       | 4 5 6 |  6.3
Dodging        | 1 2 3 |  3.3
Shields        | 4 5 6 |  6.2
Invocations    | 2 3 |  3.3

Action                     |  1- 3 |  4- 6 |  7- 9 || total
---------------------------+-------+-------+-------++-------
  Melee: War axe           |    66 |   141 |   171 ||   378
    Use: Scroll            |       |    10 |       ||    10
         Potion            |       |       |     3 ||     3
   Stab: Sleeping          |       |     1 |       ||     1
 Armour: Scale mail        |    21 |       |       ||    21
         Ring mail         |    31 |    94 |   133 ||   258
  Dodge: Dodged            |    43 |    68 |   117 ||   228
  Block: Buckler           |    20 |    38 |    65 ||   123

Table legend: (Time is in decaauts)
 A = Elapsed time spent in this place.
 B = Non-inter-level travel time spent in this place.
 C = Inter-level travel time spent in this place.
 D = Time resting spent in this place.
 E = Time spent auto-exploring this place.
 F = Levels seen in this place.
 G = Mean time per level.
                   A        B        C        D        E       F      G
               +--------+--------+--------+--------+--------+-----+--------+
         Total |   4796 |   4561 |    235 |    614 |   3052 |   7 |  685.1 |
       Dungeon |   4559 |   4400 |    159 |    472 |   3052 |   6 |  759.8 |
        Temple |    237 |    161 |     76 |    142 |      0 |   1 |  237.0 |
               +--------+--------+--------+--------+--------+-----+--------+

Top non-repeatable levels by time:
     D:5: 971 daAuts
     D:1: 933 daAuts
     D:3: 883 daAuts
     D:4: 750 daAuts
     D:2: 604 daAuts
     D:6: 416 daAuts
  Temple: 237 daAuts
